 Dungeon Crawl Stone Soup version 0.25-a0-353-ged6d54792d (webtiles) character file.

Game seed: 7798628239653379318, levelgen mode: classic

22682 Borgoz the Protected (level 13, -20/85 HPs)
             Began as a Gargoyle Fighter on Jan 1, 2020.
             Was a High Priest of Okawaru.
             Killed from afar by a wizard (36 damage)
             ... with a stone arrow
             ... on level 14 of the Dungeon.
             The game lasted 00:34:33 (12304 turns).

Borgoz the Protected (Gargoyle Fighter)            Turns: 12304, Time: 00:34:35

Health: -20/85     AC: 32    Str: 24    XL:     13   Next: 1%
Magic:  16/16      EV: 10    Int: 10    God:    Okawaru [*****.]
Gold:   1165       SH:  0    Dex: 12    Spells: 12/12 levels left

rFire    . . .     SeeInvis .   b - +6 shillelagh "Devastator" {shatter}
rCold    + . .     Gourm    .   (no shield)
rNeg     + . .     Faith    .   x - +4 plate armour {MR+}
rPois    ∞         Spirit   .   (no helmet)
rElec    +         Reflect  .   r - +1 cloak
rCorr    .         Harm     .   (no gloves)
MR       +....                  (no boots)
Stlth    ..........             t - amulet of rage
HPRegen  0.24/turn              H - +3 ring of strength
MPRegen  0.15/turn              p - ring of protection from cold

@: studying Armour
A: negative energy resistance 1, electricity resistance, unbreathing,
petrification resistance, rot immunity, AC +9
a: Heroism, Finesse, Renounce Religion, Evoke Berserk Rage


You were on level 14 of the Dungeon.
You worshipped Okawaru.
Okawaru was extremely pleased with you.
You were not hungry.

You visited 2 branches of the dungeon, and saw 15 of its levels.
You also visited: Bailey.

You collected 1685 gold pieces.
You spent 520 gold pieces at shops.

Inventory:

Hand Weapons
 a - a +5 flail
 b - the +6 shillelagh "Devastator" (weapon) {shatter}
   (You found it on level 7 of the Dungeon)
 B - the +5 great mace of Distraction {vamp, rElec rF+ MR- SInv}
   (Okawaru gifted it to you on level 11 of the Dungeon)

   It inflicts no extra harm, but heals its wielder when it wounds a living foe.
   It protects you from fire.
   It insulates you from electricity.
   It affects your resistance to hostile enchantments.
   It lets you see invisible.
Missiles
 c - 4 throwing nets (quivered)
Armour
 j - a +0 troll leather armour
 r - a +1 cloak (worn)
 x - a +4 plate armour of magic resistance (worn)
 D - a +2 chain mail of magic resistance
Jewellery
 o - an uncursed ring of protection from magic
 p - a ring of protection from cold (right hand)
 t - an amulet of rage (around neck)
 H - a +3 ring of strength (left hand)
Wands
 h - a wand of enslavement (6)
 s - a wand of clouds (4)
 v - a wand of random effects (47)
 J - a wand of acid (10)
Scrolls
 k - 4 scrolls of fear
 n - 8 scrolls of teleportation
 q - 2 scrolls of enchant armour
 y - a scroll of acquirement
 C - 3 scrolls of remove curse
 E - 4 scrolls of identify
 F - a scroll of fog
 G - a scroll of blinking
Potions
 d - a potion of cancellation
 g - 2 potions of berserk rage
 i - 7 potions of brilliance
 l - 3 potions of resistance
 m - 3 potions of might
 u - 4 potions of lignification
 w - 3 potions of flight
 z - a potion of mutation
 A - a potion of agility
Books
 I - a manual of Armour
Comestibles
 f - 20 rations


   Skills:
 * Level 11.8 Fighting
 * Level 12.6 Maces & Flails
 + Level 13.3 Armour
 * Level 6.4 Dodging
   Level 3.2 Shields
 - Level 4.9 Invocations
 + Level 2.6 Evocations


You had 12 spell levels left.
You didn't know any spells.
Your spell library contained the following spells:

 Spells                   Type           Power        Failure   Level  Hunger
 Animate Skeleton         Necr           N/A          98%         1    ##.....
 Corona                   Hex            #......      98%         1    ##.....
 Foxfire                  Conj/Fire      #...         98%         1    ##.....
 Pain                     Necr           #...         98%         1    ##.....
 Ensorcelled Hibernation  Hex/Ice        #.....       99%         2    ###....
 Confuse                  Hex            #.......     100%        3    ####...
 Conjure Flame            Conj/Fire      #.......     100%        3    ####...
 Dazzling Flash           Conj/Hex       #.....       100%        3    ####...
 Inner Flame              Hex/Fire       #.......     100%        3    ####...
 Regeneration             Chrm/Necr      #.........   100%        3    ####...
 Tukima's Dance           Hex            #.......     100%        3    ####...
 Vampiric Draining        Necr           #.........   100%        3    ####...
 Animate Dead             Necr           N/A          100%        4    #####..
 Sticky Flame             Conj/Fire      #.......     100%        4    #####..
 Fireball                 Conj/Fire      #.........   100%        5    ######.


Dungeon Overview and Level Annotations

Branches:
Dungeon (14/15)            Temple (1/1) D:7            Lair (0/6) D:10
    Orc (0/2) D:12         Vaults (0/5) D:13         Bailey (visited)

Altars:
Ashenzari
Cheibriados
Fedhas
Okawaru
Qazlal
Ru
Sif Muna
Trog
Uskayaw
Vehumet
Wu Jian
Xom
Yredelemnul
Zin
The Shining One

Shops:
D:8 =   D:9 *

Portals:
Trove: D:10 (give +2 fire dragon scales)


Innate Abilities, Weirdness & Mutations

You are resistant to torment.
Your stone body is resilient. (AC +9)
You are immune to poison.
You resist negative energy. (rN+)
You are resistant to electric shocks. (rElec)
You can survive without breathing.
You are immune to petrification.
You are immune to rotting.


Message History

Unknown command.
You bludgeon the acid dragon!!
The centaur warrior shudders.
The centaur warrior is severely wounded.
You kill the acid dragon!
Okawaru accepts your kill. The centaur warrior hits you.
* * * LOW HITPOINT WARNING * * *
Something hits you but does no damage. The centaur warrior hits you.
* * * LOW HITPOINT WARNING * * *
You hear some strange, mumbled words.
A stone arrow appears from out of thin air!
The stone arrow hits you but does no damage.
You feel better.
The centaur warrior drinks a potion.
The centaur warrior is healed!
The centaur warrior hits you but does no damage.
You hear some strange, mumbled words.
A stone arrow appears from out of thin air!
The stone arrow hits you!!!
You die...

......................
......................
......................
...!.................#
.....................#
..............<.....#
......{.(...........#
.......(.....?......#
......c@...........##
...................#
..................##
................[..#
....................#
.................##.#
.#####.####.###### ##
.. .#


You could see a centaur warrior.

Vanquished Creatures
  A vault guard (D:13)
  A hydra (D:12)
  A centaur warrior (D:13)
  A two-headed ogre (D:11)
  Nergalle (D:11)
  An unseen horror (D:10)
  A lindwurm (D:13)
  Pikel (D:5)
  3 ugly things
  Maurice (D:9)
  Psyche (D:9)
  A gargoyle (D:9)
  A kobold demonologist (D:12)
  8 trolls
  A troll (shapeshifter) (D:14)
  3 slime creatures (D:13)
  Prince Ribbit (D:5)
  3 hippogriffs
  A wraith (D:12)
  Sigmund (D:2)
  3 hogs (D:8)
  13 yaks
  A wyvern (D:12)
  A human (D:8)
  Grum (D:10)
  3 hungry ghosts
  A warg (D:12)
  A soldier ant (D:13)
  An acid dragon (D:14)
  4 orc warriors
  4 sky beasts
  A slave (D:5)
  An ice beast (D:10)
  2 black bears
  2 eyes of draining
  A necrophage (D:11)
  10 ogres
  A phantom (D:12)
  4 wolves (D:10)
  7 centaurs
  2 big kobolds
  11 bullfrogs
  8 gnoll sergeants (Bailey)
  A wyvern zombie (D:8)
  6 scorpions
  11 wights
  8 crimson imps
  5 jellies
  4 centaur zombies
  7 hounds
  Crazy Yiuf (D:7)
  6 gnoll shamans (Bailey)
  8 orc priests
  A bullfrog skeleton (D:12)
  17 orc wizards
  3 centaur skeletons
  3 iguanas
  10 worker ants
  A hound skeleton (D:9)
  A worker ant zombie (D:11)
  14 gnolls (Bailey)
  14 adders
  A shadow imp (D:11)
  An adder zombie (D:8)
  3 adder skeletons
  4 worms
  4 dart slugs
  3 leopard geckos
  53 orcs
  4 ball pythons
  3 giant cockroaches
  5 goblins
  6 hobgoblins
  11 jackals
  4 quokkas
  7 bats
  7 frilled lizards
  A giant cockroach zombie (D:5)
  20 kobolds
  A quokka skeleton (D:8)
  2 rats
377 creatures vanquished.

Vanquished Creatures (others)
  An iguana (D:5)
  A jackal (D:5)
2 creatures vanquished.

Grand Total: 379 creatures vanquished

Notes
Turn   | Place    | Note
-------+----------+-------------------------------------------
     0 | D:1      | Borgoz the Gargoyle Fighter began the quest for the Orb.
     0 | D:1      | Reached XP level 1. HP: 14/14 MP: 1/1
   192 | D:1      | Reached XP level 2. HP: 10/19 MP: 2/2
   564 | D:1      | Found a bloodstained altar of Trog.
   636 | D:2      | Reached XP level 3. HP: 23/23 MP: 3/3
   761 | D:2      | Reached XP level 4. HP: 21/29 MP: 4/4
   851 | D:2      | Noticed Sigmund
   887 | D:2      | Killed Sigmund
   887 | D:2      | Reached skill level 4 in Armour
   887 | D:2      | Reached XP level 5. HP: 25/34 MP: 5/5
  1158 | D:2      | Reached XP level 6. HP: 39/39 MP: 6/6
  2556 | D:4      | Reached skill level 5 in Fighting
  2556 | D:4      | Reached skill level 5 in Maces & Flails
  2556 | D:4      | Reached skill level 5 in Armour
  2877 | D:4      | Reached XP level 7. HP: 44/44 MP: 7/7
  3290 | D:5      | Entered Level 5 of the Dungeon
  3456 | D:5      | Found a hide-covered altar of Uskayaw.
  3554 | D:5      | Noticed Prince Ribbit
  3616 | D:5      | HP: 1/44 [Prince Ribbit (9)]
  3624 | D:5      | Killed Prince Ribbit
  3624 | D:5      | Reached XP level 8. HP: 17/51 MP: 8/8
  3900 | D:5      | Noticed Pikel
  3920 | D:5      | Killed Pikel
  3920 | D:5      | Reached skill level 6 in Armour
  4566 | D:5      | Reached XP level 9. HP: 56/56 MP: 9/9
  4671 | D:6      | Reached skill level 7 in Armour
  5270 | D:6      | Got a steaming long sword
  5271 | D:6      | Identified the +8 long sword "Utaem" {slice, +Blink +Fly
                  | Str-3} (You found it on level 6 of the Dungeon)
  5740 | D:7      | Found a staircase to the Ecumenical Temple.
  5801 | Temple   | Entered the Ecumenical Temple
  5844 | Temple   | Became a worshipper of Warmaster Okawaru
  6024 | D:7      | Reached skill level 8 in Armour
  6061 | D:7      | Found a runed translucent door.
  6061 | D:7      | Noticed Crazy Yiuf
  6082 | D:7      | Found the +6 shillelagh "Devastator" {shatter}
  6090 | D:7      | Got a heavily runed leather armour
  6137 | D:7      | Found a faded altar of an unknown god.
  6137 | D:7      | Found a faded altar of an unknown god.
  6142 | D:7      | Found a sacrificial altar of Ru.
  6144 | D:7      | Found a radiant altar of Vehumet.
  6145 | D:7      | Found a basalt altar of Yredelemnul.
  6310 | D:7      | Killed Crazy Yiuf
  6356 | D:7      | Identified the cursed +0 leather armour of Ru's Approval
                  | {*Contam Regen+ Dex+3 SInv} (You found it on level 7 of the
                  | Dungeon)
  6380 | D:7      | Identified a scroll of acquirement
  6469 | D:8      | Found Qorghessa's Jewellery Shoppe.
  6479 | D:8      | Reached XP level 10. HP: 64/64 MP: 10/10
  6484 | D:8      | Reached skill level 10 in Maces & Flails
  6505 | D:8      | Reached * piety under Okawaru
  6866 | D:8      | Reached skill level 9 in Armour
  6866 | D:8      | Reached skill level 1 in Dodging
  6987 | D:9      | Noticed a gargoyle
  6994 | D:9      | Killed a gargoyle
  6994 | D:9      | Reached ** piety under Okawaru
  7140 | D:9      | Reached skill level 10 in Armour
  7215 | D:9      | Found a glowing silver altar of Zin.
  7216 | D:9      | Noticed an angel
  7416 | D:9      | Noticed Psyche
  7424 | D:9      | Killed Psyche
  7424 | D:9      | Reached *** piety under Okawaru
  7556 | D:9      | Found Upneyff's General Store.
  7556 | D:9      | Noticed Maurice
  7570 | D:9      | Killed Maurice
  7571 | D:9      | Reached XP level 11. HP: 68/71 MP: 11/11
  7874 | D:10     | Entered Level 10 of the Dungeon
  7926 | D:10     | Reached skill level 1 in Invocations
  7978 | D:10     | Found a flagged portal.
  7997 | D:10     | Reached **** piety under Okawaru
  8006 | D:10     | Killed an unseen horror
  8006 | D:10     | Reached skill level 11 in Armour
  8018 | Bailey   | Entered a bailey
  8301 | Bailey   | Reached skill level 10 in Fighting
  8762 | D:10     | You fall into a shaft and drop 2 floors!
  8835 | D:12     | Reached ***** piety under Okawaru
  9180 | D:12     | Found a staircase to the Orcish Mines.
  9364 | D:12     | Noticed an eight-headed hydra
  9370 | D:12     | Killed an eight-headed hydra
  9370 | D:12     | Reached skill level 12 in Armour
  9567 | D:11     | Reached XP level 12. HP: 76/79 MP: 15/15
  9572 | D:11     | Noticed Nergalle
  9583 | D:11     | Killed Nergalle
  9583 | D:11     | Received a gift from Okawaru
  9583 | D:11     | Reached skill level 5 in Dodging
  9584 | D:11     | Got a bloodstained great mace {god gift}
  9592 | D:11     | Noticed a two-headed ogre
  9602 | D:11     | Killed a two-headed ogre
  9973 | D:8      | Bought an uncursed amulet of rage for 520 gold pieces
  9973 | D:8      | Identified the +5 great mace of Distraction {vamp, rElec
                  | rF+ MR- SInv} (Okawaru gifted it to you on level 11 of the
                  | Dungeon)
 10392 | D:10     | Found a staircase to the Lair.
 10553 | D:10     | Noticed Grum
 10565 | D:10     | Killed Grum
 10595 | D:10     | Found a portal to a secret trove of treasure.
 10771 | D:11     | Reached skill level 1 in Evocations
 11362 | D:13     | Noticed a centaur warrior
 11374 | D:13     | Killed a centaur warrior
 11374 | D:13     | Received a gift from Okawaru
 11427 | D:13     | Reached skill level 13 in Armour
 11673 | D:13     | Found a glowing golden altar of the Shining One.
 11840 | D:13     | Found Sorasaw's Food Shoppe.
 11972 | D:13     | Noticed a vault guard
 11982 | D:13     | Killed a vault guard
 12223 | D:13     | Found a gate to the Vaults.
 12284 | D:14     | Reached XP level 13. HP: 85/85 MP: 16/16
 12304 | D:14     | Killed from afar by a wizard

Levels and vault maps discovered:
D:1:      co_arrival_square_in_a_square_in_a_square, layout_rooms,
          kennysheep_flooded_box
D:2:      layout_basic, grunt_ministairs_5, uniq_sigmund
D:3:      layout_basic
D:4:      layout_basic, first_ration, chequers_serial_rivers_micro_a
D:5:      layout_gridville, eat_drink_and_be_merry_uskayaw, uniq_prince_ribbit1,
          uniq_pikel
D:6:      layout_basic
D:7:      layout_cave_pools, chequers_temple_overflow_minitemple,
          minmay_temple_entry_mini_moons, uniq_crazy_yiuf_cottage
D:8:      layout_rooms, serial_shops, nicolae_shop_statue_plus, grunt_livestock,
          minmay_manual_mail
D:9:      layout_loops_corners, zin_angel, serial_shops, shop, uniq_psyche,
          uniq_maurice
D:10:     layout_basic, lair_entry_dummy, enter_bailey_2,
          nicolae_trove_entry_columns, uniq_grum
D:11:     minmay_bubble_buster, layout_basic, uniq_nergalle
D:12:     layout_roguey, erik_orc_4, serial_glass, glass_columns_c,
          glass_columns_a, glass_columns_b, glass_columns_a, glass_columns_a,
          glass_columns_b, glass_columns_a, glass_columns_a
D:13:     layout_gridville, david_vaults_4, basic_altar, serial_shops,
          nicolae_shop_trees
D:14:     layout_layer_cave, basic_altar, roderic_serpentine_path, serial_shops,
          nicolae_shop_waterfront, hangedman_cracks_in_the_wall
Temple:   minmay_crystal_spiral_temple

Skill      XL: |  1  2  3  4  5  6  7  8  9 10 11 12 |
---------------+-------------------------------------+-----
Maces & Flails | 3 4 5 6 8 9 11 12 | 12.6
Fighting       | 4 5 6 8 9 10 11 | 11.8
Armour         | 4 5 6 8 10 12 13 | 13.3
Dodging        | 3 4 6 |  6.4
Invocations    | 4 |  4.9
Evocations     | 2 |  2.6
Shields        | |  3.2

Action                   |  1- 3 |  4- 6 |  7- 9 | 10-12 | 13-15 || total
-------------------------+-------+-------+-------+-------+-------++-------
Melee: Flail             |    85 |   192 |   125 |       |       ||   402
       Morningstar       |       |     4 |   205 |       |       ||   209
       Shillelagh        |       |       |    13 |   467 |    11 ||   491
Throw: Throwing net      |       |       |       |     1 |       ||     1
Evoke: Wand              |       |       |     3 |     3 |       ||     6
  Use: Potion            |       |     8 |     8 |     4 |     4 ||    24
       Scroll            |       |     5 |    15 |     3 |       ||    23
 Stab: Distracted        |       |       |     1 |       |       ||     1
  Eat: Chunk             |       |     5 |    11 |    18 |       ||    34
       Ration            |       |       |     1 |     1 |       ||     2
Armor: Scale mail        |    73 |   134 |   235 |   164 |       ||   606
       Skin              |       |    10 |     8 |       |       ||    18
       Chain mail        |       |       |       |    72 |       ||    72
       Plate armour      |       |       |       |    42 |    22 ||    64
Dodge: Dodged            |    59 |   105 |   155 |   175 |     6 ||   500

Table legend:
 A = Non-vault XP
 B = Vault XP
 C = Vault XP percentage of total XP
 D = Non-vault monster count
 E = Vault monster count
 F = Vault count percentage of total count
                 A         B        C        D         E       F
            +---------+---------+-------+---------+---------+-------
      Total |   21940 |   10463 |  32.3 |     291 |      86 |  22.8
            +---------+---------+-------+---------+---------+-------
        D:1 |      32 |       0 |   0.0 |      15 |       0 |   0.0
        D:2 |      89 |     216 |  70.8 |      21 |       3 |  12.5
        D:3 |     114 |       0 |   0.0 |      24 |       0 |   0.0
        D:4 |     307 |       0 |   0.0 |      16 |       0 |   0.0
        D:5 |     709 |     893 |  55.7 |      16 |       2 |  11.1
        D:6 |    1245 |       0 |   0.0 |      21 |       0 |   0.0
        D:7 |     670 |      41 |   5.8 |      18 |       1 |   5.3
        D:8 |     997 |    1241 |  55.5 |      27 |       9 |  25.0
        D:9 |    2255 |     962 |  29.9 |      30 |       2 |   6.2
       D:10 |    2285 |     655 |  22.3 |      22 |       5 |  18.5
       D:11 |    2770 |    2753 |  49.8 |      18 |      15 |  45.5
       D:12 |    5467 |     528 |   8.8 |      38 |      16 |  29.6
       D:13 |    4054 |    1958 |  32.6 |      21 |       3 |  12.5
       D:14 |     946 |       0 |   0.0 |       4 |       0 |   0.0
     Bailey |       0 |    1216 | 100.0 |       0 |      30 | 100.0
            +---------+---------+-------+---------+---------+-------
